Match 41168171
Unlisted
Match 41168171
End
Construct Infanterie Kompanie
Selects Breakthrough Battlegroup
Selects Breakthrough Battlegroup
Selects Assault Grenadiers
Grenadier Squad
MG 42 Machine Gun Team
GrW 34 Mortar Team
Construct Panzergrenadier Kompanie
Grenadier Squad
Selects Smoke Bombing Run
251 Medium Carrier
251 Medium Carrier
Panzergrenadier Officer Quarters
Pak 40 Anti-tank Gun Team
Selects Mechanized Assault Group
Selects Incendiary Bombing Run
Incendiary Bombing Run
Construct Panzer Kompanie
Selects Rapid Production
Panzer IV Medium Tank
Side Skirts
Panzer Officer Quarters
水银灯
我真的不是驴
Hudkey
那谁_
书院三师姐
CUI
are you happy
Azate
0
0
Comments sign in to comment!
No comments posted yet!